 Dungeon Crawl Stone Soup version 0.20.1-1-g8b1a95d (webtiles) character file.

71 dohliylev the Sneak (level 4, -1/30 HPs)
             Began as a Vampire Enchanter on Dec 27, 2017.
             Slain by a water moccasin zombie (2 damage)
             ... in an ossuary.
             The game lasted 00:07:24 (1273 turns).

dohliylev the Sneak (Vampire Enchanter)             Turns: 1273, Time: 00:07:24

Health: -1/30      AC:  2    Str: 12    XL:     4   Next: 5%
Magic:  2/7        EV: 12    Int: 18    God:
Gold:   227        SH:  0    Dex: 14    Spells: 2/7 levels left

rFire    . . .     SeeInvis +   a - +2 dagger
rCold    . . .     Gourm    .   (no shield)
rNeg     + . .     Faith    .   b - +0 robe
rPois    .         Spirit   .   (no helmet)
rElec    .         Reflect  .   (no cloak)
rCorr    .         Harm     .   (no gloves)
MR       .....                  (no boots)
Stlth    ++++......             (no amulet)
Regen    0.1/turn               i - ring of flight
MPRegen  0.1/turn               (no ring)

@: mighty, flying, very slightly contaminated, invisible
A: fangs 3, see invisible, unbreathing
a: Bat Form


You were in an ossuary.
You were not thirsty.

You visited 1 branch of the dungeon, and saw 4 of its levels.
You also visited: Ossuary.

You collected 227 gold pieces.

Inventory:

Hand Weapons
 a - a +2 dagger (weapon)
Armour
 b - a +0 robe (worn)
Jewellery
 i - a ring of flight (left hand)
Scrolls
 h - a scroll of remove curse
 l - a scroll of identify
 m - a scroll of fog
 n - a scroll of enchant weapon
Potions
 d - 3 potions of blood
Books
 c - a book of Maledictions

   Spells                             Type                      Level
   a - Corona                         Hexes                        1
   b - Ensorcelled Hibernation        Hexes/Ice                    2
   c - Confuse                        Hexes                        3
   d - Tukima's Dance                 Hexes                        3
   e - Dazzling Spray                 Conjuration/Hexes            3


   Skills:
 - Level 1.1 Short Blades
 - Level 2.1 Dodging
 + Level 7.3 Stealth
 - Level 2.0 Spellcasting
 - Level 4.4 Hexes
 - Level 0.8 Ice Magic


You had 2 spell levels left.
You knew the following spells:

 Your Spells              Type           Power        Failure   Level  Hunger
a - Ensorcelled Hibernat  Hex/Ice        ##....       10%         2    ###....
b - Confuse               Hex            ###.....     9%          3    ###....


Dungeon Overview and Level Annotations

Branches:
Dungeon (4/15)
 Temple: D:4-7

Altars:

Shops:
D:4 [


Innate Abilities, Weirdness & Mutations

You have razor-sharp teeth.
You have supernaturally acute eyesight. (SInv)
You can survive without breathing.


Message History

The gnoll zombie is almost destroyed.
The water moccasin zombie bites you. The gnoll zombie misses you.
You barely miss the gnoll zombie.
The gnoll zombie is almost destroyed.
The water moccasin zombie bites you but does no damage.
You catch the helpless gnoll zombie completely off-guard!
You puncture the gnoll zombie!
You destroy the gnoll zombie!
The big kobold zombie barely misses you.
The water moccasin zombie bites you.
* * * LOW HITPOINT WARNING * * *
You barely miss the big kobold zombie.
The big kobold zombie is moderately damaged.
The water moccasin zombie bites you.
* * * LOW HITPOINT WARNING * * *
The big kobold zombie barely misses you.
It was a potion of might.
You feel very mighty all of a sudden. The water moccasin zombie bites you.
You die...

#...# #...#
#...# #...#
##Z## #^..#
#### #####.^^#
#?!?!#.Z.#...#
+!%[?#@∩.Z...#
#!!!!#.Z.#..∩#
#### #########


You could see a water moccasin zombie, a hobgoblin zombie (wandering) and a big
kobold zombie.

Vanquished Creatures
  A worker ant (D:4)
  An adder (D:4)
  A worm (D:3)
  An adder skeleton (D:4)
  5 adder zombies (Ossuary)
  A ball python (D:4)
  A bat (D:1)
  A giant cockroach (D:1)
  A gnoll zombie (Ossuary)
  A goblin (D:3)
  4 frilled lizards
  A kobold (D:1)
  3 rats (D:1)
22 creatures vanquished.

Notes
Turn   | Place    | Note
-------+----------+-------------------------------------------
     0 | D:1      | dohliylev the Vampire Enchanter began the quest for the Orb.
     0 | D:1      | Reached XP level 1. HP: 13/13 MP: 3/3
   371 | D:1      | Reached skill level 5 in Stealth
   804 | D:3      | Reached XP level 2. HP: 19/19 MP: 5/5
   808 | D:3      | Learned a level 2 spell: Ensorcelled Hibernation
   858 | D:3      | Noticed a howler monkey
   998 | D:4      | Found Zueziph's Antique Armour Shoppe.
  1055 | D:4      | Found a sand-covered staircase.
  1081 | D:4      | Reached skill level 6 in Stealth
  1146 | D:4      | Reached XP level 3. HP: 24/24 MP: 1/6
  1151 | D:4      | Learned a level 3 spell: Confuse
  1207 | Ossuary  | Entered an ossuary
  1219 | Ossuary  | Reached skill level 7 in Stealth
  1267 | Ossuary  | Reached XP level 4. HP: 16/30 MP: 2/7
  1272 | Ossuary  | HP: 1/30 [water moccasin zombie (5)]
  1273 | Ossuary  | Slain by a water moccasin zombie

Skill      XL: |  1  2  3 |
---------------+----------+-----
Stealth        | 5 6 7 |  7.3
Short Blades   | |  1.1
Dodging        | |  2.1
Spellcasting   | |  2.0
Hexes          | |  4.4
Ice Magic      | |  0.8

Action                   |  1- 3 |  4- 6 || total
-------------------------+-------+-------++-------
Melee: Short sword       |    24 |       ||    24
       Dagger            |    50 |     5 ||    55
       Bite              |     1 |       ||     1
 Cast: Corona            |     2 |       ||     2
       Ensorcelled Hiber |     7 |       ||     7
       Confuse           |     3 |       ||     3
  Use: Scroll            |     6 |       ||     6
       Potion            |     5 |     1 ||     6
 Stab: Sleeping          |    11 |       ||    11
       Invisible         |     1 |     1 ||     2
       Confused          |     1 |       ||     1
  Eat: Corpse            |     4 |       ||     4
Armor: Robe              |    10 |     2 ||    12
Dodge: Dodged            |    56 |     5 ||    61
